 Dungeon Crawl Stone Soup version 0.24.0-3-g28a8eb0610 (webtiles) character file.

Game seed: 16882695141982053054, levelgen mode: deterministic

284687 Amplified the Imperceptible (level 21, -3/143 HPs)
             Began as a Kobold Ice Elementalist on Nov 1, 2019.
             Was an Elder of Dithmenos.
             Slain by a +3 quick blade of pain (8 damage)
             ... on level 2 of the Elven Halls.
             The game lasted 02:09:24 (46029 turns).

Amplified the Imperceptible (KoIE)                 Turns: 46029, Time: 02:09:25

Health: -3/143     AC: 24    Str: 21    XL:     21   Next: 90%
Magic:  44/44      EV: 35    Int: 17    God:    Dithmenos [****..]
Gold:   974        SH:  3    Dex: 29    Spells: 29/41 levels left

rFire    + + .     SeeInvis +   K - +3 rapier of Irrepressible Laughter {freeze, MR+ MP+9 Stlth+}
rCold    + . .     Gourm    .   (shield restricted)
rNeg     . . .     Faith    .   r - +2 leather armour {rPois}
rPois    +         Spirit   .   b - +0 mask of the Dragon {MR+ Slay+3 SInv}
rElec    +         Reflect  +   u - +5 cloak of Bumo {rF++ Str+7 Int-5 Dex+3}
rCorr    .         Harm     .   I - +5 pair of gloves of Intercession {rElec Dex+3}
MR       +++..                  n - +2 pair of boots of Vuurox {Dex+2}
Stlth    ++++++++++             z - +3 amulet of reflection
HPRegen  0.33/turn              d - +5 ring of evasion
MPRegen  0.29/turn              L - ring "Vaxzyixae" {rC+ Int+5 SInv}

@: mighty, confusing touch, wreathed by umbra
A: small, thin metallic scales 1, blink, carnivore, mutation resistance 1
}: 1/15 runes: barnacled
a: Blink, Shadow Step, Renounce Religion


You were on level 2 of the Elven Halls.
You worshipped Dithmenos.
Dithmenos was greatly pleased with you.
You were completely stuffed.

You visited 8 branches of the dungeon, and saw 39 of its levels.
You also visited: Bailey, Gauntlet, Ice Cave and Volcano.

You collected 3449 gold pieces.
You spent 2475 gold pieces at shops.

Inventory:

Hand Weapons
 e - a +9 dagger of venom
 g - the +6 dagger "Lebraryl" {drain, rN+}
   (You found it on level 1 of the Snake Pit)

   A truly terrible weapon, it drains the life of those it strikes.
   It protects you from negative energy.
 j - the +9 staff of Olgreb {rPois}
   (You found it on level 5 of the Dungeon)

   It protects you from poison.
 p - a +1 demon blade of flaming
 A - a +3 scimitar of flaming
 J - a +0 lajatang of speed
 K - the +3 rapier of Irrepressible Laughter (weapon) {freeze, MR+ MP+9 Stlth+}
   (You acquired it on level 2 of the Lair of Beasts)

   It has been specially enchanted to freeze those struck by it, causing extra
   injury to most foes and up to half again as much damage against particularly
   susceptible opponents.
   It can also slow down cold-blooded creatures.
   It affects your resistance to hostile enchantments.
   It affects your magic capacity (+9).
   It makes you more stealthy.
 P - a +2 vampiric double sword
Missiles
 x - 94 poisoned darts (quivered)
Armour
 b - the +0 mask of the Dragon (worn) {MR+ Slay+3 SInv}
   (You found it in a Gauntlet)

   It affects your accuracy and damage with ranged weapons and melee attacks
   (+3).
   It affects your resistance to hostile enchantments.
   It lets you see invisible.
 n - the +2 pair of boots of Vuurox (worn) {Dex+2}
   (You found it in a Gauntlet)

   It affects your dexterity (+2).
 r - a +2 leather armour of poison resistance (worn)
 u - the +5 cloak of Bumo (worn) {rF++ Str+7 Int-5 Dex+3}
   (You found it on level 13 of the Dungeon)

   It affects your strength (+7).
   It affects your intelligence (-5).
   It affects your dexterity (+3).
   It greatly protects you from fire.
 C - the +0 leather armour "Vezaath" {rF+ rN+ MR++ Str-3}
   (You found it on level 9 of the Dungeon)

   It affects your strength (-3).
   It protects you from fire.
   It protects you from negative energy.
   It affects your resistance to hostile enchantments.
 G - a +3 ring mail of cold resistance
 I - the +5 pair of gloves of Intercession (worn) {rElec Dex+3}
   (You found it in a Gauntlet)

   It affects your dexterity (+3).
   It insulates you from electricity.
 O - a +2 cloak of fire resistance
Jewellery
 d - a +5 ring of evasion (left hand)
 f - a cursed ring of teleportation
 o - an uncursed ring of stealth
 z - a +3 amulet of reflection (around neck)
 L - the ring "Vaxzyixae" (right hand) {rC+ Int+5 SInv}
   (You acquired it on level 4 of the Lair of Beasts)

   [ring of protection from cold]

   It affects your intelligence (+5).
   It protects you from cold.
   It lets you see invisible.
 U - an uncursed ring of protection from magic
Wands
 q - a wand of iceblast (10)
 s - a wand of enslavement (15)
 v - a wand of disintegration (8)
 E - a wand of random effects (26)
 F - a wand of digging (13)
 Q - a wand of flame (37)
 S - a wand of paralysis (7)
Scrolls
 a - 10 scrolls of amnesia
 h - 2 scrolls of enchant weapon
 m - a scroll of holy word
 w - 17 scrolls of remove curse
 D - a scroll of identify
 H - 3 scrolls of silence
 M - 2 scrolls of enchant armour
Potions
 i - 4 potions of magic
 k - 3 potions of brilliance
 t - 2 potions of ambrosia
 B - 2 potions of cancellation
 N - a potion of might
 W - 2 potions of mutation
Miscellaneous
 y - a lamp of fire (inert)
Comestibles
 c - 56 rations
 T - 7 chunks of flesh


   Skills:
 + Level 18.9 Fighting
 - Level 15.5 Short Blades
 - Level 8.0 Armour
 - Level 12.9 Dodging
 * Level 25.4 Stealth
 - Level 10.6 Spellcasting
 - Level 1.0 Conjurations
 - Level 7.8 Hexes
 - Level 4.5 Charms
 - Level 3.3 Necromancy
 - Level 5.0 Translocations
 - Level 3.1 Ice Magic
 - Level 11.0 Invocations


You had 29 spell levels left.
You knew the following spells:

 Your Spells              Type           Power        Failure   Level  Hunger
a - Regeneration          Chrm/Necr      ###.......   5%          3    None
b - Throw Frost           Conj/Ice       ###...       6%          2    None
c - Confusing Touch       Hex            #####.       1%          1    None
d - Ozocubu's Armour      Chrm/Ice       ###.....     5%          3    None
e - Portal Projectile     Hex/Tloc       ####..       1%          3    None

Your spell library contained the following spells:

 Spells                   Type           Power        Failure   Level  Hunger
 Corona                   Hex            #####..      1%          1    None
 Infusion                 Chrm           ###.         1%          1    None
 Ensorcelled Hibernation  Hex/Ice        ####..       1%          2    None
 Confuse                  Hex            #####...     1%          3    None
 Tukima's Dance           Hex            #####...     1%          3    None
 Animate Skeleton         Necr           N/A          2%          1    None
 Freeze                   Ice            ###.         2%          1    None
 Pain                     Necr           ###.         2%          1    None
 Gell's Gravitas          Tloc           ####......   3%          3    None
 Dazzling Spray           Conj/Hex       ###...       4%          3    None
 Magic Dart               Conj           ##..         6%          1    None
 Vampiric Draining        Necr           ###.......   7%          3    None
 Sting                    Conj/Pois      ##..         8%          1    None
 Beastly Appendage        Tmut           #.....       9%          1    None
 Summon Small Mammal      Summ           #...         9%          1    None
 Recall                   Summ/Tloc      N/A          10%         3    None
 Throw Flame              Conj/Fire      ##....       11%         2    None
 Poisonous Vapours        Pois/Air       #.....       14%         2    None
 Sticks to Snakes         Tmut           #.......     14%         2    None
 Leda's Liquefaction      Hex/Erth       ###.......   19%         4    ###....
 Static Discharge         Conj/Air       ##......     22%         3    None
 Animate Dead             Necr           N/A          22%         4    ###....
 Mephitic Cloud           Conj/Pois/Air  ##......     24%         3    None
 Ignite Poison            Fire/Tmut/Pois #.......     26%         3    None
 Spider Form              Tmut/Pois      #.........   26%         3    None
 Force Lance              Conj/Tloc      ###.....     26%         4    ###....
 Metabolic Englaciation   Hex/Ice        ####......   26%         5    #####..
 Throw Icicle             Conj/Ice       ###.....     36%         4    ###....
 Ice Form                 Ice/Tmut       ##......     43%         4    ###....
 Summon Ice Beast         Ice/Summ       ##......     43%         4    ###....
 Silence                  Hex/Air        ###.......   45%         5    #####..
 Yara's Violent Unravell  Hex/Tmut       ###.......   45%         5    #####..
 Darkness                 Hex            #####.....   50%         6    ######.
 Iskenderun's Mystic Bla  Conj           ##......     52%         4    ###....
 Sticky Flame             Conj/Fire      ##......     58%         4    ###....
 Iskenderun's Battlesphe  Conj/Chrm      ###.....     63%         5    #####..
 Olgreb's Toxic Radiance  Pois           #.......     65%         4    ###....
 Petrify                  Tmut/Erth      #.......     65%         4    ###....
 Summon Lightning Spire   Summ/Air       #.......     65%         4    ###....
 Bolt of Draining         Conj/Necr      ###.......   71%         5    #####..
 Borgnjor's Vile Clutch   Necr/Erth      ##........   77%         5    #####..
 Dispersal                Tloc           ####......   87%         6    ######.
 Fireball                 Conj/Fire      ##........   90%         5    #####..
 Venom Bolt               Conj/Pois      ##........   90%         5    #####..
 Bolt of Magma            Conj/Fire/Erth ##........   91%         5    #####..
 Alistair's Intoxication  Tmut/Pois      #.......     94%         5    #####..
 Blade Hands              Tmut           #.........   94%         5    #####..
 Death Channel            Necr           ###.......   98%         6    ######.
 Simulacrum               Ice/Necr       ###.......   98%         6    ######.
 Bolt of Fire             Conj/Fire      ##........   100%        6    ######.
 Iron Shot                Conj/Erth      ##........   100%        6    ######.
 Poison Arrow             Conj/Pois      ##........   100%        6    ######.
 Shadow Creatures         Summ           N/A          100%        6    ######.
 Statue Form              Tmut/Erth      #........    100%        6    ######.
 Orb of Destruction       Conj           ##........   100%        7    #######
 Ring of Flames           Chrm/Fire      ###.......   100%        7    #######
 Spellforged Servitor     Conj/Summ      ##........   100%        7    #######
 Chain Lightning          Conj/Air       ##........   100%        8    #######
 Controlled Blink         Tloc           N/A          100%        8    #######
 Disjunction              Tloc           ####......   100%        8    #######
 Ignition                 Fire           #.........   100%        8    #######
 Lehudib's Crystal Spear  Conj/Erth      ##........   100%        8    #######
 Fire Storm               Conj/Fire      ##........   100%        9    #######
 Glaciate                 Conj/Ice       ###.......   100%        9    #######
 Shatter                  Erth           #.........   100%        9    #######


Dungeon Overview and Level Annotations

Branches:
Dungeon (15/15)            Temple (0/1) D:4            Lair (6/6) D:8
 Shoals (4/4) Lair:4        Snake (4/4) Lair:2        Slime (0/5) Lair:5
    Orc (2/2) D:10            Elf (3/3) Orc:2        Vaults (4/5) D:14
 Depths (1/5) D:15         Bailey (visited)           IceCv (visited)
Volcano (visited)         Gauntlet (visited)
  Crypt: Vaults:2-3

Altars:
Cheibriados
Dithmenos
Elyvilon
Fedhas
Kikubaaqudgha
Qazlal
Ru
Sif Muna
Trog
Uskayaw
Vehumet
Xom
Zin
The Shining One
Beogh

Shops:
D:4 *%   Orc:2 [:}?%   Elf:1 }   Elf:2 !   Shoals:1 (   Shoals:3 ?   Snake:3 (

Portals:
Hell: Depths:1

Annotations:
D:13 Rupert
Shoals:1 Donald; Frances
Snake:3 1 runed translucent door, littlecub's ghost, journeyman DsGl
Orc:2 1 runed translucent door, Thargor's ghost, journeyman DEFE


Innate Abilities, Weirdness & Mutations

You are small and have problems with some larger weapons.
You are carnivorous and can eat meat at any time.
You are partially covered in thin metallic scales. (AC +2)
You can translocate small distances at will.
You are somewhat resistant to further mutation.


Message History

Okay, then.
Okay, then.
Okay, then.
Okay, then.
Evoke which item? (* to show all) (? for menu, Esc to quit)
Okay, then.
Evoke which item? (* to show all) (? for menu, Esc to quit)
Aiming: Iceblast
Press: ? - help, Shift-Dir - straight line, f - +3 quick blade of pain, p - deep elf blademaster
Aim: a +3 quick blade of pain (chance to confuse on hit: 30%, umbra)
The mass of ice explodes!
The iceblast engulfs the +3 quick blade of pain.
The +3 quick blade of pain partially resists.
The +3 quick blade of pain is heavily damaged.
You hear a shout!
Unknown command.
You completely miss the +3 quick blade of pain.
The +3 quick blade of pain is moderately damaged.
The +3 quick blade of pain hits you!
You die...

##...#.)...........#...##
##.....................## #
##.......................## ####
#.........................# #...
#.........................# #...
#.........................####..
##.......................'##.#..
##.....................#'.'##..
#............@........##.))).#
##.............(.......#')'##..
##.......................'##.#.)
#.........................####..
#...................).....# #...
#.................(.e.....# #...
##.......................## ####
##.....................## #
##...#............)#...##


You could see a deep elf blademaster and 2 dancing weapons.

Vanquished Creatures
  Margery (Vaults:3)
  Asterion (Snake:4)
  Agnes (D:15)
  Kirke (D:12)
  Roxanne (Elf:2)
  3 nagarajas
  4 vault wardens
  A frost giant (Shoals:4)
  Aizul (Elf:2)
  An orc warlord (Vaults:3)
  A ghoul (Vaults:2)
  6 ironheart preservers
  A very ugly thing (Vaults:3)
  Louise (Snake:4)
  7 stone giants
  Nessos (Lair:5)
  2 entropy weavers (Lair:4)
  3 deep elf annihilators
  A deep elf demonologist (Elf:2)
  A minotaur (Gauntlet)
  7 merfolk javelineers
  A deep elf death mage (Elf:2)
  A fire dragon (Vaults:3)
  7 merfolk impalers (Shoals:4)
  Erolcha (Orc:2)
  5 yaktaur captains
  Harold (Lair:1)
  6 hydras
  2 rakshasas
  9 vault guards
  13 naga warriors
  4 ice dragons
  4 merfolk aquamancers
  2 death knights
  3 merfolk avatars
  A catoblepas (Lair:6)
  An alligator snapping turtle (Shoals:4)
  9 ogre magi
  9 anacondas
  24 two-headed ogres
  Erica (D:8)
  5 centaur warriors
  A tengu warrior (D:13)
  A deep troll shaman (Lair:6)
  A queen ant (Lair:4)
  A vampire mage (D:15)
  14 death yaks
  16 dancing weapons
  6 naga sharpshooters
  2 shock serpents
  10 deep elf knights
  4 hell knights
  2 fire crabs
  19 skeletal warriors
  Nergalle (D:10)
  A salamander mystic (Snake:3)
  A fire crab (shapeshifter) (Vaults:1)
  2 sixfirhies (Gauntlet)
  5 unseen horrors
  11 sea snakes
  4 deep trolls
  A flayed ghost (Vaults:4)
  3 deep elf archers
  Pikel (D:4)
  5 wizards
  7 orc knights
  5 naga ritualists
  2 phantasmal warriors (Vaults:4)
  11 harpies
  4 large abominations (D:12)
  8 ironbrand convokers
  A harpy (shapeshifter) (Elf:3)
  4 necromancers
  27 ugly things
  39 deep elf magi
  9 mana vipers
  12 manticores
  A wolf spider (shapeshifter) (D:14)
  4 wolf spiders
  8 orc sorcerers
  11 cyclopes
  6 fauns
  8 salamanders
  An iron dragon skeleton (D:15)
  7 guardian serpents
  A moth of wrath (Lair:6)
  5 merfolk sirens
  14 naga magi
  3 water nymphs
  2 ice statues (IceCv)
  A stone giant skeleton (D:15)
  4 elephants (Lair:6)
  3 vault sentinels
  A gargoyle (D:12)
  A centaur skeleton (D:13)
  A torpor snail (Lair:6)
  7 spiny frogs
  29 black mambas
  A kobold demonologist (D:13)
  6 yaktaurs
  3 freezing wraiths
  4 komodo dragons
  A tengu conjurer (D:13)
  40 merfolk
  The ghost of oberejnoburuli the Chopper, an amateur MiFi (D:5)
  3 polar bears
  8 trolls
  A queen bee (shapeshifter) (Vaults:4)
  3 meliai (D:15)
  15 tyrant leeches (Lair:6)
  Grinder (D:4)
  4 wind drakes
  20 slime creatures
  11 dream sheep
  12 hippogriffs
  An ettin zombie (D:15)
  A stone giant simulacrum (Vaults:1)
  20 blink frogs
  10 snapping turtles
  An air elemental (Elf:2)
  5 wraiths
  29 yaks
  9 water elementals
  2 fire elementals (Elf:2)
  Grum (D:8)
  A human (shapeshifter) (Vaults:1)
  5 fire bats (Gauntlet)
  5 hogs
  19 humans
  A hungry ghost (D:8)
  2 basilisks
  6 small abominations (D:12)
  A golden eye (shapeshifter) (Vaults:3)
  A steam dragon (shapeshifter) (Vaults:1)
  2 swamp worms (Lair:6)
  35 nagas
  Edmund (D:4)
  15 soldier ants
  3 wargs
  2 acid dragons
  2 hell hounds (Gauntlet)
  11 water moccasins
  3 porcupines
  5 sky beasts
  A phantom (D:4)
  19 ice beasts
  17 orc warriors
  A slave (D:4)
  13 ogres
  2 black bears
  A necrophage (D:12)
  21 wolves
  A boggart (Vaults:3)
  11 centaurs
  16 crocodiles
  2 big kobolds
  11 bullfrogs
  A yaktaur zombie (D:15)
  Blork the orc (D:4)
  A glowing shapeshifter simulacrum (Vaults:1)
  A gnoll sergeant (D:7)
  A wyvern skeleton (D:10)
  An earth elemental (Elf:2)
  A human simulacrum (Vaults:1)
  6 scorpions
  25 killer bees
  16 wights
  2 electric eels (Elf:3)
  3 howler monkeys
  6 crimson imps
  A bullfrog zombie (D:13)
  A centaur zombie (D:12)
  2 bullfrog skeletons
  7 hounds
  17 jellies
  7 orc priests
  33 orc wizards
  31 worker ants
  6 iguanas
  4 hound skeletons
  A hound zombie (D:11)
  A worker ant zombie (D:6)
  13 adders
  7 gnolls
  2 howler monkey skeletons
  3 shadow imps
  2 oozes (Lair:5)
  An adder skeleton (D:7)
  2 adder zombies
  2 worms
  2 dart slugs (D:1)
  3 leopard geckos
  52 orcs
  3 giant cockroaches
  7 goblins
  6 hobgoblins
  6 jackals
  5 quokkas
  8 bats
  9 frilled lizards
  31 kobolds
  2 rats
1305 creatures vanquished.

Vanquished Creatures (collateral kills)
  A vault warden (Vaults:3)
  An ironheart preserver (Vaults:3)
  A satyr (Shoals:4)
  A naga sharpshooter (Snake:3)
  2 orc sorcerers (Vaults:3)
  A merfolk (Shoals:4)
  2 water elementals (Shoals:4)
  4 yaks (D:13)
  An orc warrior (Vaults:3)
  2 centaurs (D:13)
  A big kobold (D:13)
  An orc wizard (D:6)
  An adder (D:6)
  2 orcs
  A kobold (D:13)
22 creatures vanquished.

Vanquished Creatures (others)
  A necromancer (Vaults:3)
  A naga (Snake:3)
  A hell hound (Gauntlet)
  3 slaves (D:4)
  A kobold (D:10)
  A bush (Lair:4)
  11 fungi
  25 plants
44 creatures vanquished.

Grand Total: 1371 creatures vanquished

Notes
Turn   | Place    | Note
-------+----------+-------------------------------------------
     0 | D:1      | Amplified the Kobold Ice Elementalist began the quest for
                  | the Orb.
     0 | D:1      | Reached XP level 1. HP: 10/10 MP: 3/3
   175 | D:1      | Reached XP level 2. HP: 9/16 MP: 5/5
   351 | D:1      | Reached skill level 1 in Short Blades
   396 | D:1      | You fall into a shaft and drop 1 floor!
   420 | D:2      | Reached skill level 3 in Stealth
   531 | D:2      | Found an ancient bone altar of Kikubaaqudgha.
   567 | D:2      | Found a faded altar of an unknown god.
   594 | D:2      | Found a shadowy altar of Dithmenos.
   605 | D:2      | Became a worshipper of Dithmenos the Shadowed
   656 | D:2      | Reached XP level 3. HP: 20/20 MP: 6/6
   806 | D:2      | Reached skill level 1 in Fighting
  1189 | D:2      | Noticed a centaur
  1198 | D:2      | Killed a centaur
  1198 | D:2      | Reached skill level 4 in Stealth
  1198 | D:2      | Reached XP level 4. HP: 26/26 MP: 7/7
  1198 | D:2      | Reached XP level 5. HP: 30/30 MP: 8/8
  1246 | D:2      | Reached * piety under Dithmenos
  1487 | D:2      | Learned a level 2 spell: Throw Frost
  2341 | D:4      | Noticed Edmund
  2378 | D:4      | Killed Edmund
  2378 | D:4      | Reached skill level 5 in Short Blades
  2378 | D:4      | Reached skill level 5 in Stealth
  2378 | D:4      | Reached XP level 6. HP: 26/36 MP: 9/9
  2493 | D:4      | Noticed Grinder
  2495 | D:4      | Noticed Blork the orc
  2500 | D:4      | Paralysed by Grinder for 4 turns
  2533 | D:4      | Killed Blork the orc
  2540 | D:4      | Killed Grinder
  2540 | D:4      | Reached ** piety under Dithmenos
  2540 | D:4      | Reached XP level 7. HP: 32/42 MP: 10/10
  2706 | D:4      | Reached skill level 6 in Stealth
  2832 | D:4      | Found Ulil's Food Boutique.
  2891 | D:4      | Found a staircase to the Ecumenical Temple.
  2979 | D:4      | Found Carr's General Store.
  2986 | D:4      | Bought a scroll of teleportation for 33 gold pieces
  2986 | D:4      | Bought a potion of curing for 33 gold pieces
  3024 | D:4      | Noticed Pikel
  3083 | D:5      | Entered Level 5 of the Dungeon
  3125 | D:4      | Reached XP level 8. HP: 48/48 MP: 11/11
  3163 | D:5      | Found a runed translucent gate.
  3163 | D:5      | Found a runed translucent gate.
  3165 | D:5      | Found a runed translucent gate.
  3172 | D:5      | Found a runed translucent door.
  3272 | D:5      | Found a runed translucent door.
  3342 | D:5      | Found the +9 staff of Olgreb {rPois}
  3570 | D:5      | Learned a level 1 spell: Confusing Touch
  3583 | D:5      | Found a runed translucent gate.
  3583 | D:5      | Found a runed translucent gate.
  3583 | D:5      | Found a runed translucent gate.
  3585 | D:5      | Noticed oberejnoburuli's ghost (amateur MiFi)
  3764 | D:5      | Reached skill level 7 in Stealth
  4518 | D:6      | Reached skill level 5 in Fighting
  4758 | D:6      | Reached XP level 9. HP: 54/54 MP: 12/12
  4909 | D:6      | Reached skill level 8 in Stealth
  5067 | D:6      | Reached skill level 10 in Short Blades
  5130 | D:6      | Found a blossoming altar of Fedhas.
  5130 | D:6      | Found a bloodstained altar of Trog.
  5130 | D:6      | Found a sacrificial altar of Ru.
  5130 | D:6      | Found a snail-covered altar of Cheibriados.
  5395 | D:4      | Killed Pikel
  5462 | D:7      | Reached skill level 9 in Stealth
  5589 | D:7      | Noticed a hippogriff
  5596 | D:7      | Killed a hippogriff
  5596 | D:7      | Reached skill level 1 in Invocations
  6065 | D:7      | Learned a level 3 spell: Ozocubu's Armour
  6361 | D:7      | Reached skill level 1 in Hexes
  6390 | D:7      | Reached skill level 10 in Stealth
  6390 | D:7      | Reached XP level 10. HP: 45/61 MP: 14/14
  6507 | D:7      | Reached skill level 5 in Dodging
  6519 | D:7      | Reached *** piety under Dithmenos
  6702 | D:8      | Found a staircase to the Lair.
  6981 | D:8      | Noticed Erica
  6983 | D:8      | Killed Erica
  7033 | D:8      | Noticed Grum
  7054 | D:8      | Killed Grum
  7115 | D:8      | Found a glowing silver altar of Zin.
  7155 | D:8      | Noticed an angel
  7157 | D:8      | Found a shimmering altar of Xom.
  7203 | D:8      | Reached skill level 11 in Stealth
  7509 | D:9      | Found a hide-covered altar of Uskayaw.
  7509 | D:9      | Noticed a +0 hand axe
  7510 | D:9      | Noticed a +0 hand axe
  7527 | D:9      | Reached skill level 5 in Spellcasting
  7612 | D:9      | Got a spiked leather armour
  7626 | D:9      | Reached XP level 11. HP: 67/67 MP: 18/18
  7630 | D:9      | Reached **** piety under Dithmenos
  7660 | D:9      | Noticed a two-headed ogre
  7766 | D:9      | Found a white marble altar of Elyvilon.
  7829 | D:9      | Identified the cursed +0 leather armour "Vezaath" {rF+ rN+
                  | MR++ Str-3} (You found it on level 9 of the Dungeon)
  7991 | D:9      | Found a stormy altar of Qazlal.
  8079 | D:10     | Entered Level 10 of the Dungeon
  8079 | D:10     | Noticed a manticore
  8554 | D:9      | Killed a two-headed ogre
  8554 | D:9      | Reached skill level 12 in Stealth
  8554 | D:9      | Reached skill level 5 in Hexes
  8832 | D:8      | Gained mutation: You are partially covered in thin metallic
                  | scales. (AC +2) [potion of mutation]
  8832 | D:8      | Gained mutation: You can translocate small distances at
                  | will. [potion of mutation]
  8832 | D:8      | Gained mutation: You are somewhat resistant to further
                  | mutation. [potion of mutation]
  9278 | D:9      | Found a glowing golden altar of the Shining One.
  9528 | D:10     | Killed a manticore
 10276 | D:10     | Found a staircase to the Orcish Mines.
 10343 | D:10     | Found a roughly hewn altar of Beogh.
 10360 | D:10     | Reached ***** piety under Dithmenos
 10525 | D:11     | Found a flagged portal.
 10556 | D:11     | Noticed a two-headed ogre
 10633 | D:11     | Killed a two-headed ogre
 10680 | Bailey   | Entered a bailey
 10680 | Bailey   | Noticed an orc knight
 10787 | Lair:1   | Entered Level 1 of the Lair of Beasts
 10889 | Lair:1   | Reached XP level 12. HP: 57/73 MP: 22/22
 11146 | Lair:1   | Found a gate leading to a gauntlet.
 11155 | Gauntlet | Entered a Gauntlet
 11155 | Gauntlet | Found a large runed translucent door.
 11155 | Gauntlet | Found a large runed translucent door.
 11155 | Gauntlet | Found a large runed translucent door.
 11155 | Gauntlet | Found a large runed translucent door.
 11155 | Gauntlet | Found a large runed translucent door.
 11155 | Gauntlet | Found a large runed translucent door.
 11155 | Gauntlet | Found a runed translucent door.
 11155 | Gauntlet | Found a transporter.
 11155 | Gauntlet | Found a runed translucent door.
 11155 | Gauntlet | Found a large runed translucent door.
 11155 | Gauntlet | Found a large runed translucent door.
 11155 | Gauntlet | Found a large runed translucent door.
 11155 | Gauntlet | Found a large runed translucent door.
 11155 | Gauntlet | Found a large runed translucent door.
 11155 | Gauntlet | Found a large runed translucent door.
 11155 | Gauntlet | Noticed a wizard
 11165 | Gauntlet | Noticed a wizard
 11218 | Gauntlet | Found a runed translucent door.
 11219 | Gauntlet | Found a transporter.
 11232 | Gauntlet | Found a runed translucent door.
 11234 | Gauntlet | Found a transporter.
 11238 | Gauntlet | Found a transporter.
 11256 | Gauntlet | Found a transporter.
 11259 | Gauntlet | Noticed a thrashing horror
 11269 | Gauntlet | Found a transporter.
 11272 | Gauntlet | Found a transporter.
 11276 | Gauntlet | Found a transporter.
 11278 | Gauntlet | Found a runed translucent gate.
 11278 | Gauntlet | Found a runed translucent gate.
 11279 | Gauntlet | Found a large runed translucent door.
 11279 | Gauntlet | Found a large runed translucent door.
 11280 | Gauntlet | Found a runed translucent gate.
 11280 | Gauntlet | Noticed a sixfirhy
 11281 | Gauntlet | Noticed a sixfirhy
 11284 | Gauntlet | Found the +0 mask of the Dragon {MR+ Slay+3 SInv}
 11289 | Gauntlet | Noticed a fire crab
 11306 | Gauntlet | Found a transporter.
 11306 | Gauntlet | Found a transporter.
 11306 | Gauntlet | Found a transporter.
 11308 | Gauntlet | Found a large runed translucent door.
 11308 | Gauntlet | Found a large runed translucent door.
 11309 | Gauntlet | Noticed a catoblepas
 11314 | Gauntlet | Found a transporter.
 11330 | Gauntlet | Found a runed translucent door.
 11337 | Gauntlet | Identified the ring "Ulloash" {rC+ rN+ MP+9}
 11430 | Gauntlet | Killed a sixfirhy
 11440 | Gauntlet | Killed a sixfirhy
 11440 | Gauntlet | Reached skill level 13 in Stealth
 11444 | Gauntlet | Got a pair of scorched gloves
 11449 | Gauntlet | Identified the +5 pair of gloves of Intercession {rElec
                  | Dex+3} (You found it in a Gauntlet)
 11512 | Gauntlet | Killed a fire crab
 11524 | Gauntlet | Got a pair of twisted boots
 11543 | Gauntlet | Identified the +2 pair of boots of Vuurox {Dex+2} (You
                  | found it in a Gauntlet)
 11639 | Gauntlet | Noticed a minotaur
 11647 | Gauntlet | Killed a minotaur
 11808 | Lair:1   | Noticed Harold
 11812 | Lair:1   | Killed Harold
 12364 | Lair:2   | Noticed an eight-headed hydra
 12369 | Lair:2   | Killed an eight-headed hydra
 12461 | Lair:2   | Reached skill level 10 in Dodging
 12846 | Lair:2   | Identified 3 scrolls of acquirement
 12847 | Lair:2   | Got a faintly glowing rapier
 12848 | Lair:2   | Identified the Guide on Harmful Companions (You acquired it
                  | on level 2 of the Lair of Beasts)
 12852 | Lair:2   | Identified the +3 rapier of Irrepressible Laughter {freeze,
                  | MR+ MP+9 Stlth+} (You acquired it on level 2 of the Lair of
                  | Beasts)
 12861 | Lair:2   | Found a staircase to the Snake Pit.
 12979 | Lair:2   | Reached skill level 14 in Stealth
 12997 | Lair:2   | Reached XP level 13. HP: 80/80 MP: 25/25
 13377 | Lair:3   | Found a blossoming altar of Fedhas.
 14369 | Lair:4   | Found a dark tunnel.
 14377 | Volcano  | Entered a volcano
 14662 | Lair:4   | Found a staircase to the Shoals.
 14672 | Lair:4   | Got a faintly glowing steel ring
 14674 | Lair:4   | Identified the ring "Vaxzyixae" {rC+ Int+5 SInv} (You
                  | acquired it on level 4 of the Lair of Beasts)
 14717 | Lair:4   | Reached skill level 15 in Short Blades
 14738 | Lair:4   | Noticed an entropy weaver
 14738 | Lair:4   | Noticed an entropy weaver
 14934 | D:9      | Learned a level 3 spell: Regeneration
 14996 | Orc:1    | Entered Level 1 of the Orcish Mines
 14996 | Orc:1    | Noticed Nergalle
 15016 | D:10     | Killed Nergalle
 15042 | Orc:1    | Reached XP level 14. HP: 86/86 MP: 26/26
 15192 | Orc:2    | Entered Level 2 of the Orcish Mines
 15200 | Orc:2    | Found Telumn Ifycw's Food Emporium.
 15205 | Orc:2    | Found a roughly hewn altar of Beogh.
 15246 | Orc:2    | Found a runed translucent door.
 15246 | Orc:2    | Found a shimmering altar of Xom.
 15246 | Orc:2    | Noticed Thargor's ghost (journeyman DEFE)
 15337 | Orc:2    | Found a staircase to the Elven Halls.
 15458 | Orc:2    | Found a shimmering blue altar of Sif Muna.
 15468 | Orc:2    | Identified Sif Muna's Disquisition on Boosts
 15982 | Orc:2    | Found Ponuscha's Magic Scroll Shoppe.
 16014 | Orc:2    | Bought a scroll of enchant armour for 127 gold pieces
 16014 | Orc:2    | Bought 2 scrolls of silence for 255 gold pieces
 16014 | Orc:2    | Bought a scroll of blinking for 127 gold pieces
 16014 | Orc:2    | Bought a scroll of magic mapping for 59 gold pieces
 16014 | Orc:2    | Bought a scroll of fear for 59 gold pieces
 16033 | Orc:2    | Noticed Erolcha
 16555 | D:12     | Found a frozen archway.
 16685 | IceCv    | Entered an ice cave
 16686 | IceCv    | Found a transporter.
 16740 | IceCv    | Found a transporter.
 16741 | IceCv    | Reached skill level 15 in Stealth
 16743 | IceCv    | Reached skill level 10 in Fighting
 16743 | IceCv    | Reached skill level 5 in Invocations
 16791 | IceCv    | Got a slimy dire flail
 17031 | D:12     | Noticed Kirke
 17034 | D:12     | Noticed a sphinx
 17506 | D:13     | Noticed Rupert
 17512 | D:13     | Got a shimmering cloak
 17537 | D:13     | Identified the +5 cloak of Bumo {rF++ Str+7 Int-5 Dex+3}
                  | (You found it on level 13 of the Dungeon)
 18328 | D:13     | Reached skill level 16 in Stealth
 18540 | D:14     | Found Awuceshro's Food Shop.
 18553 | D:14     | Bought a ration for 70 gold pieces
 18553 | D:14     | Bought a ration for 70 gold pieces
 18553 | D:14     | Bought a ration for 70 gold pieces
 18553 | D:14     | Bought a ration for 70 gold pieces
 18553 | D:14     | Bought a ration for 70 gold pieces
 18553 | D:14     | Bought a ration for 70 gold pieces
 18553 | D:14     | Bought a ration for 70 gold pieces
 18553 | D:14     | Bought a ration for 70 gold pieces
 18553 | D:14     | Bought a ration for 70 gold pieces
 18553 | D:14     | Bought a ration for 70 gold pieces
 18604 | D:14     | Reached XP level 15. HP: 94/94 MP: 27/27
 19040 | D:14     | Found a gate to the Vaults.
 19224 | D:15     | Entered Level 15 of the Dungeon
 19357 | D:15     | Reached skill level 17 in Stealth
 19414 | D:15     | Found a staircase to the Depths.
 19442 | D:15     | Noticed Agnes
 19685 | D:12     | Killed Kirke
 19685 | D:12     | Reached skill level 1 in Armour
 21077 | Lair:5   | Noticed Nessos
 21101 | Lair:5   | Killed Nessos
 21471 | Lair:5   | Reached XP level 16. HP: 95/103 MP: 28/28
 21690 | Lair:5   | Found a staircase to the Slime Pits.
 21866 | Lair:5   | Reached skill level 18 in Stealth
 22319 | Lair:6   | Entered Level 6 of the Lair of Beasts
 22722 | Lair:6   | Reached skill level 5 in Armour
 24067 | Orc:2    | Found a radiant altar of Vehumet.
 24078 | Orc:2    | Killed Erolcha
 24103 | Orc:2    | Found Xeuthor's Book Shoppe.
 24171 | Orc:2    | Found an ancient bone altar of Kikubaaqudgha.
 24203 | Orc:2    | Found a roughly hewn altar of Beogh.
 24203 | Orc:2    | Found Ahyshery's Antique Armour Shoppe.
 24230 | Orc:2    | Found Yzaedio's Gadget Emporium.
 24473 | Elf:1    | Entered Level 1 of the Elven Halls
 24572 | Elf:1    | Reached skill level 19 in Stealth
 24584 | Elf:1    | Found Geshroso's Gadget Boutique.
 24949 | Elf:1    | Reached XP level 17. HP: 79/111 MP: 29/29
 24982 | Elf:1    | Identified the Disquisition on Conjuration
 25234 | Elf:1    | Bought a phantom mirror for 420 gold pieces
 25480 | Elf:2    | Learned a level 3 spell: Portal Projectile
 25542 | Elf:2    | Found a runed translucent gate.
 25542 | Elf:2    | Found a runed translucent gate.
 25542 | Elf:2    | Found a runed translucent gate.
 25592 | Elf:2    | Identified Roxanne's Almanac of Changing
 25592 | Elf:2    | Noticed Roxanne
 25629 | Elf:2    | Killed Roxanne
 25655 | Elf:2    | Found Gikhlu's Distillery.
 25660 | Elf:2    | Bought a potion of heal wounds for 95 gold pieces
 25660 | Elf:2    | Bought 2 potions of heal wounds for 190 gold pieces
 25660 | Elf:2    | Bought a potion of heal wounds for 95 gold pieces
 25660 | Elf:2    | Bought a potion of curing for 57 gold pieces
 25660 | Elf:2    | Bought a potion of heal wounds for 95 gold pieces
 25660 | Elf:2    | Bought a potion of might for 76 gold pieces
 25734 | Elf:2    | Noticed Aizul
 25772 | Elf:2    | Killed Aizul
 25933 | Elf:3    | Entered Level 3 of the Elven Halls
 26151 | Snake:1  | Entered Level 1 of the Snake Pit
 26235 | Shoals:1 | Entered Level 1 of the Shoals
 26442 | Shoals:1 | Noticed Donald
 26442 | Shoals:1 | Noticed Frances
 26792 | Shoals:2 | Reached skill level 20 in Stealth
 27264 | Shoals:2 | Reached ****** piety under Dithmenos
 27264 | Shoals:2 | Reached skill level 15 in Fighting
 27341 | Shoals:3 | Found Uhohask's Magic Scroll Boutique.
 27362 | Shoals:3 | Bought a scroll of teleportation for 54 gold pieces
 28535 | Shoals:4 | Entered Level 4 of the Shoals
 28847 | Shoals:4 | Reached XP level 18. HP: 108/120 MP: 30/30
 29614 | Shoals:4 | Noticed a kraken
 29643 | Shoals:4 | Reached skill level 21 in Stealth
 30013 | Shoals:3 | Got a warped plate armour
 30014 | Shoals:3 | Identified the +2 plate armour of Neora Aghi {rF+ Str+2}
                  | (You found it on level 3 of the Shoals)
 31504 | Shoals:4 | Got a barnacled rune of Zot
 31794 | Shoals:1 | Found Bicon's Weapon Emporium.
 32178 | Snake:1  | Reached skill level 1 in Charms
 32678 | Snake:1  | Got a crystal dagger
 32679 | Snake:1  | Identified the +6 dagger "Lebraryl" {drain, rN+} (You found
                  | it on level 1 of the Snake Pit)
 32740 | Snake:1  | Reached skill level 1 in Translocations
 33044 | Snake:3  | Reached XP level 19. HP: 36/127 MP: 32/32
 33705 | Snake:3  | Found Qoxaf's Antique Weapon Boutique.
 33782 | Snake:3  | Reached skill level 22 in Stealth
 34562 | Snake:3  | Found a runed translucent door.
 34563 | Snake:3  | Noticed littlecub's ghost (journeyman DsGl)
 35046 | Snake:4  | Entered Level 4 of the Snake Pit
 35056 | Snake:4  | Noticed Asterion
 35062 | Snake:4  | Killed Asterion
 35511 | Snake:4  | Noticed Louise
 35530 | Snake:4  | Killed Louise
 36156 | Snake:4  | Reached skill level 10 in Spellcasting
 36377 | Snake:2  | Reached skill level 5 in Translocations
 37345 | Vaults:1 | Entered Level 1 of the Vaults
 37351 | Vaults:1 | Reached skill level 1 in Necromancy
 37608 | Vaults:1 | Reached XP level 20. HP: 133/133 MP: 34/34
 37754 | Vaults:1 | Reached skill level 23 in Stealth
 39533 | Vaults:2 | Reached skill level 24 in Stealth
 40826 | Vaults:3 | Reached XP level 21. HP: 84/140 MP: 35/35
 40889 | Vaults:4 | Reached skill level 25 in Stealth
 41316 | Vaults:3 | Noticed Margery
 41347 | Vaults:3 | Killed Margery
 42108 | Vaults:2 | Reached skill level 10 in Invocations
 42907 | D:5      | Killed oberejnoburuli's ghost
 43255 | D:15     | Killed Agnes
 44427 | Depths:1 | Entered Level 1 of the Depths
 44427 | Depths:1 | Found a gateway to Hell.
 46029 | Elf:2    | Slain by a +3 quick blade of pain

Levels and vault maps discovered:
D:1:      dpeg_arrival_simpleton_c, layout_loops_ring
D:2:      minmay_chambers_of_ones, layout_basic, overflow_temple_1_default,
          kiku_gazebo_garden_becter, chequers_ecumenical_altar_simple,
          minmay_lizard_king
D:3:      layout_rooms, old_standard_altar, first_ration,
          uniq_crazy_yiuf_cottage, uniq_robin
D:4:      layout_basic, minmay_temple_entry_waves, serial_shops, shop,
          kennysheep_little_box, uniq_grinder, uniq_pikel, uniq_edmund,
          uniq_blork_the_orc
D:5:      layout_basic, gammafunk_ghost_nasty_kobolds,
          minmay_guarded_unrand_staff_of_olgreb
D:6:      layout_loops_ring, minitemple
D:7:      layout_loops_ring, grunt_livestock
D:8:      layout_cave_pools, grunt_temple_overflow_order_and_chaos_1,
          lair_entry_dummy, uniq_grum, uniq_erica
D:9:      layout_irregular_city, dancing_weapons_uskayaw, kennysheep_mini_moat,
          lemuel_doored_altar, marbit_many_paths
D:10:     layout_rooms, minmay_orc_entry_temple_small, kennysheep_small_spiral,
          minmay_misc_feat_diagonals
D:11:     layout_rooms, enter_bailey_2
D:12:     layout_basic, portal_ice_cave_entry_ice_beasts, laboratory, uniq_kirke
D:13:     layout_stronghold, uniq_rupert
D:14:     layout_cave_pools, grunt_vaults_entry_tiered, serial_park_avenue1,
          serial_shops, shop, chequers_mini_garden, lemuel_flamethrower_3
D:15:     gammafunk_depths_entry_grave, layout_basic,
          chequers_serial_rivers_micro_d, uniq_agnes
Lair:1:   layout_cave_pods, gauntlet_entry_generic, beast_lair_carwin_9,
          serial_bayou_shore_a, uniq_harold
Lair:2:   layout_chaotic_city, dummy_snake_entry
Lair:3:   layout_concentric_octagons, basic_altar, serial_rivers,
          chequers_serial_rivers_large_a, chequers_serial_rivers_small_a,
          chequers_serial_rivers_micro_e, chequers_serial_rivers_small_a,
          chequers_serial_rivers_micro_e, infiniplex_staircase_pool
Lair:4:   layout_regular_city, minmay_shoals_entry_beasts,
          nicolae_volcano_entry_lava_flow, minmay_another_anthill
Lair:5:   layout_hall_layers, minmay_slime_entry_jelly_boxes,
          serial_bayou_pond_e, lemuel_fruit_fields, uniq_nessos
Lair:6:   grunt_lair_end_beastmaster, layout_regular_city, st_stairs_10,
          worms_lemuel, serial_bayou_shore_b
Shoals:1: layout_shoals, serial_shops, shop_statue, uniq_donald, uniq_frances
Shoals:2: cheibrodos_shoals_baths, layout_shoals
Shoals:3: layout_shoals, serial_shops, shop_statue, yaktaur_hedge
Shoals:4: shoals_end_grunt_ice, layout_shoals
Snake:1:  layout_rooms
Snake:2:  layout_chambers, grunt_megastairs_2
Snake:3:  layout_cave_pods, ebering_ghost_inner_flame, serial_shops, shop_coins,
          st_stairs_8
Snake:4:  grunt_snake_rune_pools, layout_onion, uniq_louise, uniq_asterion
Orc:1:    layout_caves, uniq_nergalle
Orc:2:    kennysheep_orc_mage_school, layout_caves, ebering_ghost_xom,
          basic_altar, serial_shops, nicolae_shop_crystal,
          nicolae_orc_flooded_monolith, led_sif_book
Elf:1:    layout_geoelf_grid, serial_shops, nicolae_shop_window_shopping,
          minmay_elf_annihilation
Elf:2:    layout_geoelf_diagonals, serial_shops, nicolae_shop_waterfront,
          uniq_aizul, uniq_roxanne
Elf:3:    elf_hall_gauntlet_narrow, layout_geoelf_castle
Vaults:1: vaults_dpeg_doors, vaults_dpeg_hooks, vaults_mumra_chevron_long,
          nicolae_vaults_yaktaur_gun_rack, nicolae_vaults_network_s,
          hangedman_vaults_pinch, nicolae_vaults_mini_display_case,
          ontoclasm_vaults_spin, v_pattern_1, nicolae_vaults_little_squares_2,
          grunt_vaults_hallway_long, layout_vaults_ring
Vaults:2: ontoclasm_vaults_gateway, nicolae_vaults_twisting_passages,
          hangedman_vaults_slice, v_misc_15, v_misc_25, v_alt_pattern_3,
          ontoclasm_vaults_hangar, v_pattern_4, layout_vaults_omnigrid
Vaults:3: biasface_vaults_ghost_orc_armoury, minmay_crypt_entry_simple_round,
          hangedman_vaults_variations, vaults_room_boxed, nicolae_vaults_arrows,
          v_misc_22, v_rooms_4, vaults_dpeg_diagonal, v_misc_28,
          vaults_room_grid, vaults_dpeg_ring, layout_vaults_omnicross,
          uniq_margery, uniq_mara
Vaults:4: vaults_standard_mumra_enter_the_diamond, v_misc_26,
          nicolae_vaults_puzzle_piece, vaults_room_hallway,
          nicolae_vaults_diagonal_hallway_7, nicolae_vaults_little_squares_3,
          ontoclasm_vaults_hangar, v_misc_28, v_misc_28,
          nicolae_vaults_hallways_thing, nicolae_vaults_windows_and_doors_thing,
          ontoclasm_vaults_ligature, layout_vaults_omnibox, serial_shops, shop
Depths:1: layout_twisted_cross, grunt_pan_entry_in_and_out,
          gammafunk_ghost_wrathful_warriors, marbit_kobold_abyss_entry,
          hell_entry, kennysheep_decorative_pillar, bh_walls_and_bars

Skill      XL: |  1  2  3  4  5  6  7  8  9 10 11 12 13 14 15 16 17 18 19 20 21 |
---------------+----------------------------------------------------------------+-----
Short Blades   | 1 3 5 6 7 9 10 15 | 15.5
Stealth        | 3 4 5 6 7 10 11 12 14 16 17 19 20 21 22 24 25 | 25.4
Fighting       | 2 3 4 5 6 7 8 9 11 12 14 15 16 17 18 | 18.9
Dodging        | 4 6 8 10 11 12 | 12.9
Invocations    | 2 7 11 | 11.0
Hexes          | 1 4 6 7 |  7.8
Spellcasting   | 3 5 6 8 9 10 | 10.6
Armour         | 3 6 8 |  8.0
Charms         | 2 4 |  4.5
Translocations | 2 5 |  5.0
Necromancy     | 2 3 |  3.3
Conjurations   | |  1.0
Ice Magic      | |  3.1

Action                   |  1- 3 |  4- 6 |  7- 9 | 10-12 | 13-15 | 16-18 | 19-21 || total
-------------------------+-------+-------+-------+-------+-------+-------+-------++-------
Melee: Dagger            |    96 |   123 |   309 |   725 |   123 |       |       ||  1376
       Unarmed           |     1 |       |       |       |       |       |       ||     1
       Rapier            |       |       |       |    27 |   915 |  1476 |  1466 ||  3884
Throw: Dart              |       |       |       |     6 |     5 |     6 |    12 ||    29
       Throwing net      |       |       |       |     2 |     4 |     7 |     1 ||    14
 Cast: Freeze            |     8 |       |       |       |       |       |       ||     8
       Confusing Touch   |       |       |       |     1 |    62 |   224 |   219 ||   506
       Ozocubu's Armour  |       |       |       |     1 |       |       |     1 ||     2
       Regeneration      |       |       |       |       |     1 |       |     3 ||     4
Invok: Shadow Step       |       |       |       |     4 |    18 |    14 |    18 ||    54
       Shadow Form       |       |       |       |       |       |     1 |     1 ||     2
 Abil: Blink             |       |       |       |     8 |     1 |     5 |     4 ||    18
Evoke: Wand              |       |       |     5 |    30 |    15 |    17 |    26 ||    93
       Phantom mirror    |       |       |       |     1 |       |     1 |     2 ||     4
       Lamp of fire      |       |       |       |       |       |     2 |     4 ||     6
  Use: Scroll            |     3 |     4 |     4 |    23 |    17 |    24 |    12 ||    87
       Potion            |     1 |     1 |     4 |     8 |     8 |    28 |    10 ||    60
 Stab: Sleeping          |     4 |     6 |    20 |    35 |    92 |    90 |   118 ||   365
       Distracted        |       |       |     1 |     8 |    18 |     7 |     6 ||    40
       Betrayed ally     |       |       |     1 |       |       |       |       ||     1
       Paralysed         |       |       |       |     4 |     2 |     1 |     2 ||     9
       Held in net/web   |       |       |       |     3 |     4 |     7 |       ||    14
       Confused          |       |       |       |       |    47 |   180 |   175 ||   402
       Invisible         |       |       |       |       |     3 |       |       ||     3
       Petrified         |       |       |       |       |       |     4 |       ||     4
  Eat: Chunk             |     9 |     5 |    10 |    17 |    30 |    37 |    41 ||   149
       Ration            |       |       |       |       |       |     1 |     2 ||     3
Armor: Robe              |     9 |       |       |       |       |       |       ||     9
       Ring mail         |     6 |    20 |    26 |    22 |       |       |       ||    74
       Skin              |       |    13 |     5 |       |       |       |       ||    18
       Leather armour    |       |       |       |    50 |   100 |   191 |   174 ||   515
Dodge: Dodged            |    87 |    68 |   139 |   606 |   641 |  1137 |   994 ||  3672
Block: Other             |       |       |       |       |       |    87 |   111 ||   198
       Reflection        |       |       |       |       |       |     6 |     7 ||    13
